[Event "CZE-ch U16 Open 2023"]
[Site "Teplice"]
[Date "2023.03.12"]
[Round "2.6"]
[White "Svoboda, Daniel"]
[Black "Werner, Hong Quan Dan"]
[Result "0-1"]
[ECO "B22"]
[WhiteElo "1748"]
[BlackElo "2085"]
[Annotator "TA"]
[PlyCount "50"]
[EventDate "2023.03.09"]
[EventType "swiss"]
[EventCountry "CZE"]
[SourceTitle "playchess.com"]
[Source "ChessBase"]
[SourceQuality "1"]
[TimeControl "40/5400+30:1800+30"]

1. e4 c5 2. c3 d5 3. exd5 Qxd5 4. d4 Nc6 5. Nf3 Bg4 6. Be2 e6 7. O-O Nf6 8. Be3 cxd4 9. cxd4 Be7 10. h3 Bh5 11. Nc3 Qa5 12. Qb3 {[%emt 0:09:35] B22: Sicilian: 2 c3.} O-O-O (12... Qb4 $14) 13. Rac1 {[%emt 0:20:15] [#]} Bxf3 $146 (13... Qb4 $16) ({Predecessor:} 13... Kb8 14. Bf4+ Ka8 15. Qb5 Bd6 16. Qxa5 Nxa5 17. Bxd6 Rxd6 18. Nb5 Rb6 19. Rc7 Nd5 {1-0 Trevis,R (1092)-Jostov,K (1078) SF-2011-0-00127}) 14. Bxf3 $18 {[%emt 0:05:25] White is clearly better.} Nd5 15. Nxd5 exd5 (15... Rxd5 $142 16. Rc3 (16. Bxd5 Qxd5 17. Qd1 Rd8 $18) 16... Rhd8) 16. Bf4 {[%emt 0:06:05] [#] Threatening mate with Bg4+. A strong pair of Bishops.} g6 17. Rfe1 {[%emt 0:11:08] White threatens Rxc6+ and mate.} Bb4 $2 (17... Bd6 {is a better chance.}) 18. Re2 {[%emt 0:06:11] Threatens to win with Rec2.} Rhf8 $2 (18... Bd6) 19. a3 $2 (19. Rec2) 19... Bd6 20. Bxd5 $2 (20. Qxd5 $2 {too greedy.} Qxd5 21. Bxd5 Bxf4 $19) (20. Bh6 $18 Rfe8 21. Rxe8 (21. Qxd5 $2 Qxd5 22. Bxd5 Rxe2 $19) 21... Rxe8 22. Be3 (22. Qxd5 $2 Re1+ {[%mdl 64] Back Rank} 23. Rxe1 Qxe1#)) 20... Bxf4 $17 21. Bxc6 ({But not} 21. Re7 $2 Qb6 22. Rc3 Qxb3 23. Bxb3 Rxd4 $19) 21... Qb6 22. Bxb7+ {[%emt 0:03:13][%mdl 64] [#] Decoy} Kb8 $1 {[%emt 0:00:03] Really sharp!} 23. Qf3 (23. Rc3 $17 Qxb7 24. Re7 {[%mdl 64] Pin} Qxb3 25. Rxb3+ Ka8 26. Rbb7) 23... Bxc1 $19 ({Resist} 23... Rxd4 24. Rce1 Rfd8 25. Re8 Qxb7 26. Rxd8+ {[%mdl 64] Deflection} Rxd8 27. Qxf4+ Qc7 28. Qf6 $18) 24. Re7 (24. Bc6 {was necessary.} Rxd4 25. Re7) 24... Qxd4 25. Qg3+ (25. Bc6 $19 Qd1+ 26. Qxd1 Rxd1+ 27. Kh2) 25... Bf4 {[%emt 0:00:07] Weighted Error Value: White=1.95/Black=0.82} 0-1

[Event "CZE-ch U16 Open 2023"]
[Site "Teplice"]
[Date "2023.03.12"]
[Round "2.7"]
[White "Seidl, Jan"]
[Black "Tesar, Jakub"]
[Result "1-0"]
[ECO "C02"]
[WhiteElo "2025"]
[BlackElo "1960"]
[Annotator "TA"]
[PlyCount "91"]
[EventDate "2023.03.09"]
[EventType "swiss"]
[EventCountry "CZE"]
[SourceTitle "playchess.com"]
[Source "ChessBase"]
[SourceQuality "1"]
[TimeControl "40/5400+30:1800+30"]

1. e4 e6 2. d4 d5 3. e5 c5 4. c3 Nc6 5. Nf3 Qb6 6. Bd3 cxd4 7. O-O $1 {[%emt 0:00:08][%mdl 4] is now more promising than 7.cxd4. C02: French: Advance Variation.} Bd7 8. Re1 Nge7 9. h4 {[%emt 0:00:07] The position is equal.} a6 10. h5 (10. Nbd2 $11 {is superior.}) 10... g6 11. Nbd2 dxc3 (11... gxh5 $15 {feels stronger.} 12. Nb3 dxc3 13. bxc3 Ng6) 12. bxc3 $11 gxh5 {[%emt 0:00:30] [#]} 13. c4 $146 ({Predecessor:} 13. Ng5 Ng6 14. Qxh5 Ncxe5 15. Bxg6 fxg6 16. Qh3 Bg7 17. Rb1 Qc6 18. Qg3 h6 19. Nh3 {1-0 Clarke,B (2430)-Keetman,M (2133) BCF-chT1 S4 (4NCL) online Final 2021 (1.11)}) 13... Ng6 {[%emt 0:16:47] And now ...Bc5 would win.} 14. cxd5 exd5 15. Rb1 Qc7 16. Ng5 Bg4 ({Not} 16... Ncxe5 17. Ndf3 O-O-O 18. Rxe5 Nxe5 19. Nxe5 Qxe5 20. Nxf7 $18) 17. Qa4 Be7 18. Ndf3 Nf8 (18... Rg8 $11 19. Ba3 (19. Nxh7 $2 {perishes.} Bxf3 20. Nf6+ Bxf6 $19) 19... h6 20. Bxe7 Qxe7) 19. Nd4 $16 {[%emt 0:06:11] White has more active pieces.} Qa5 20. Qxa5 Nxa5 {[%emt 0:00:05] [#]} 21. f3 ({Better is} 21. e6 $1 $16 Nxe6 22. Ngxe6 fxe6 23. f3) 21... Be6 22. Nf5 {[%emt 0:00:19] aiming for Nxe7.} Bxf5 23. Bxf5 b5 (23... h6 $5 24. Nh3 $8 Ne6 $11) 24. e6 Bxg5 (24... f6 $14 25. Nf7 Rg8) 25. exf7+ Kxf7 26. Bxg5 {[%emt 0:00:03] [#] Intending Re7+ and mate.} Ng6 {[%emt 0:04:34] Wards off Re7+} (26... Ra7 $16) 27. Rbc1 $2 (27. Be6+ $18 Kg7 28. Bd2) 27... Nc4 $1 $14 28. Be6+ {[%emt 0:00:09] This pair of bishops is nice.} Kg7 29. Bxd5 Rac8 {[%emt 0:06:21] Black is on the road to losing.} (29... Rae8 $14) 30. Bb7 $2 (30. Re6 $18) 30... Rce8 $2 ({Black should try} 30... Rb8 $1 $14 31. Bd5 (31. Bxa6 Rb6 $14) 31... Rhe8) 31. Bxa6 $18 {[%emt 0:03:01] Strongly threatening Red1.} h6 {[%emt 0:03:49] Hoping for ...Rxe1+.} 32. Rxe8 ({Less strong is} 32. Bxb5 Rxe1+ 33. Rxe1 hxg5 $16) 32... Rxe8 33. Bxb5 Ra8 34. Bxh6+ Kxh6 35. Bxc4 {[%emt 0:00:03][%mdl 4096] Endgame KRB-KRN} Ne5 36. Bb3 h4 37. Kh2 Kg5 38. Rc5 Kf4 39. Kh3 Rb8 40. Rd5 (40. Kxh4 $2 Rh8#) 40... Rb4 41. Rd8 Ng6 42. Rg8 Rb6 43. Bc2 Ne5 44. Rh8 (44. Kxh4 $2 Rh6#) 44... Rb2 $2 (44... Ke3 45. Rxh4 Kd2) 45. Rxh4+ Kg5 46. f4+ {[%emt 0:00:04] Weighted Error Value: White=0.27 (precise) /Black=0.40} 1-0

[Event "CZE-ch U16 Open 2023"]
[Site "Teplice"]
[Date "2023.03.12"]
[Round "2.8"]
[White "Davidek, Zdenek"]
[Black "Hladky, Tadeas"]
[Result "0-1"]
[ECO "E15"]
[WhiteElo "1957"]
[BlackElo "1973"]
[Annotator "TA"]
[PlyCount "94"]
[EventDate "2023.03.09"]
[EventType "swiss"]
[EventCountry "CZE"]
[SourceTitle "playchess.com"]
[Source "ChessBase"]
[SourceQuality "1"]
[TimeControl "40/5400+30:1800+30"]

1. d4 Nf6 2. Nf3 e6 3. c4 b6 4. g3 Ba6 5. b3 Bb4+ 6. Bd2 Be7 7. Bg2 c6 8. O-O d5 9. Qc2 O-O 10. Rd1 Nbd7 11. Bg5 {[%emt 0:17:25] E15: Queen's Indian: 4 g3 sidelines, 4 g3 Ba6 and 4 g3 Bb7 early deviations.} Rc8 12. Nc3 h6 13. Bxf6 {[%emt 0:01:42] The position is equal.} Bxf6 14. e4 dxc4 15. e5 $1 Be7 {[%emt 0:00:29] [#]} 16. Ne4 $146 (16. Nd2 $11) ({Predecessor:} 16. Qe2 b5 17. bxc4 bxc4 18. Ne4 Nb6 19. Bf1 Qd5 20. a4 Qa5 21. h4 Rfd8 22. Ne1 {0-1 Ciolacu,A (2154)-Koellner,R (2407) Dortmund NRW Cup U20 2021 (4)}) 16... cxb3 17. axb3 Nb8 18. Ra4 Rc7 19. Rda1 Qc8 (19... Bb5 $17 20. Rxa7 Rxa7 21. Rxa7 c5) 20. Nc3 (20. Qd2 $11) 20... Rd8 $17 21. Qa2 c5 22. d5 {[%emt 0:06:26] [#] Strongly threatening d6.} exd5 {[%emt 0:00:21] Threatens to win with ...d4.} 23. Rxa6 Nxa6 (23... Qxa6 24. Qxa6 Nxa6 25. Nb5 $11) 24. Qxa6 c4 (24... Qxa6 $17 25. Rxa6 c4) 25. bxc4 (25. Qxc8 $1 $15 Rcxc8 26. bxc4 dxc4 27. Bh3 (27. Rxa7 Bb4 $17)) 25... Qxa6 $19 26. Rxa6 Rxc4 (26... dxc4 $19 {Hoping for ...Bb4.} 27. Ra1 Bb4) 27. Rxa7 (27. Nb5 $11) 27... Bc5 (27... Rxc3 $17 28. Rxe7 d4) 28. Na4 Rc2 ({Better is} 28... Rc1+ $15 29. Bf1 d4) 29. Nxc5 $11 bxc5 (29... Rc1+ $1 $11 {keeps the balance.} 30. Bf1 bxc5) 30. Ra1 ({White should try} 30. Bh3 $16) 30... d4 {[%emt 0:01:31][%cal Bd5d4,Bd4d3][%mdl 1056] White must now prevent ...d3. Black has compensation.} 31. Rd1 (31. e6 $1 $15) 31... d3 $17 32. Ne1 {[%emt 0:01:09][%csl LRc2,LRd3] Repels c4} Rc3 33. Kf1 (33. Be4 $17 {is a better defense.}) 33... c4 {[%emt 0:01:12] [#] ...d2 is the strong threat.} 34. Be4 Rd4 35. f3 Ra3 36. Kf2 Ra2+ 37. Ke3 Rd8 {[%emt 0:00:04] Black is much more active.} 38. h4 $2 (38. f4 $17 {keeps fighting.}) 38... Re2+ $19 39. Kf4 Rd4 40. h5 Kf8 41. Nxd3 $2 (41. e6) 41... cxd3 {[%emt 0:00:15][%cal Bc4d3,Bd3d2][%mdl 4128] Endgame KRR-KRB} 42. e6 fxe6 {[%emt 0:01:32] ( -> ...d2)} 43. Ke5 Rd8 {[%emt 0:00:11] Black mates.} 44. Kxe6 d2 45. Kf5 Re1 46. Bc2 Rxd1 47. Bxd1 Re8 {[%emt 0:00:04] Weighted Error Value: White=0.76/Black=0.23 (precise)} 0-1

[Event "CZE-ch U16 Open 2023"]
[Site "Teplice"]
[Date "2023.03.12"]
[Round "2.9"]
[White "Zezula, Jakub"]
[Black "Mametev, Artem"]
[Result "0-1"]
[ECO "B52"]
[WhiteElo "1963"]
[BlackElo "2074"]
[Annotator "TA"]
[PlyCount "64"]
[EventDate "2023.03.09"]
[EventType "swiss"]
[EventCountry "CZE"]
[SourceTitle "playchess.com"]
[Source "ChessBase"]
[SourceQuality "1"]
[TimeControl "40/5400+30:1800+30"]

1. e4 c5 2. Nf3 d6 3. Bb5+ Bd7 4. Bxd7+ Qxd7 5. c4 Nc6 6. d4 cxd4 7. Nxd4 Nf6 8. Nc3 g6 9. f3 Bg7 10. Be3 O-O 11. O-O a6 12. b3 {[%emt 0:04:58] 12.Nb3 is the recent fashion. B52: Sicilian: Moscow Variation with 3...Bd7.} Nxd4 13. Bxd4 b5 14. Nd5 {[%emt 0:11:57] The position is equal.} Nxd5 15. Bxg7 (15. cxd5 $11 Bxd4+ 16. Qxd4) 15... Kxg7 (15... Ne3 $5 16. Qe2 Kxg7 17. Qxe3 bxc4 $11) 16. cxd5 Rfc8 17. Rc1 Rxc1 18. Qd4+ Kg8 19. Rxc1 $11 {[%emt 0:00:06][%mdl 4096] Endgame KQR-KQR} Rc8 {[%emt 0:00:15] [#]} 20. Rc3 $146 ({Predecessor:} 20. Rxc8+ Qxc8 21. Qb6 Qc1+ 22. Kf2 Qd2+ 23. Kg3 Kg7 24. h4 f5 25. Qxa6 Qe1+ 26. Kh2 Qxh4+ {½-½ Zayan,O (2208)-Gagare,S (2421) Abu Dhabi op 22nd 2014 (5)}) 20... Rc7 21. Kf1 Qc8 22. Rxc7 Qxc7 {[%emt 0:00:01] KQ-KQ} 23. Ke2 Qc1 24. Qd2 $2 (24. Qd1 $11 {and White has nothing to worry.} Qg5 25. g3) 24... Qg1 $19 25. Qg5 {[%emt 0:04:01] [#]} Qxh2 (25... h6 $1 $19 26. Qg4 Kg7) 26. Qxe7 (26. Kf2 $17) 26... Qxg2+ 27. Ke3 Qg1+ ({Worse is} 27... Qxa2 28. Qxd6 Qa1 29. Qd8+ Kg7 30. Qe7 $11) 28. Ke2 Qh2+ 29. Ke3 h5 {[%emt 0:01:04] [#] ...h4 would be deadly. Black is clearly winning.} ({Weaker is} 29... Qxa2 30. Qxd6 Qb2 31. Qe7 $11 (31. Qxa6 Qxb3+ 32. Ke2 Qb2+ 33. Ke3 Qc1+ 34. Ke2 Qc4+ 35. Ke3 Qc3+ 36. Ke2 Qc4+ 37. Ke3 Qc5+ 38. Ke2 Qc4+ $11)) 30. Qe8+ Kg7 {[%emt 0:00:11] aiming for ...h4.} 31. e5 (31. Qc6 $142 h4 32. Qc3+ f6 33. Qe1) 31... Qxe5+ 32. Qxe5+ dxe5 {[%emt 0:00:03] Weighted Error Value: White=0.93/Black=0.08 (flawless)} 0-1

[Event "CZE-ch U16 Open 2023"]
[Site "Teplice"]
[Date "2023.03.12"]
[Round "2.10"]
[White "Hozda, Max"]
[Black "Mohapl, Tomas"]
[Result "0-1"]
[ECO "D07"]
[WhiteElo "2067"]
[BlackElo "1946"]
[Annotator "TA"]
[PlyCount "92"]
[EventDate "2023.03.09"]
[EventType "swiss"]
[EventCountry "CZE"]
[SourceTitle "playchess.com"]
[Source "ChessBase"]
[SourceQuality "1"]
[TimeControl "40/5400+30:1800+30"]

1. d4 d5 2. c4 Nc6 3. Nf3 Bg4 4. Bf4 e6 5. e3 Nf6 6. Nc3 Bb4 7. Qb3 {[%emt 0:11:49] D02: 1 d4 d5 2 Nf3 sidelines, including 2...Nf6 3 g3 and 2...Nf6 3 Bf4.} O-O 8. Ne5 Bxc3+ 9. bxc3 {[%emt 0:04:36] [#] White is slightly better.} Na5 $146 ({Predecessor:} 9... Nxe5 10. dxe5 Nh5 11. Qxb7 d4 12. Qb2 g5 13. Bg3 dxe3 14. f3 Bf5 15. Qc1 Rb8 16. Qxe3 {0-1 Cleven,M (2037)-Kloke,S (2112) NRW Class1 0607 2006 (1.7)}) 10. Qa4 {[%emt 0:02:33] Black must now prevent Nxg4.} Nxc4 11. Nxg4 Nxg4 12. Bxc4 dxc4 13. Qxc4 c6 14. f3 Nf6 15. e4 {[%emt 0:01:11] Against Nd5} Nh5 16. Be3 Qh4+ 17. Bf2 Qg5 18. g3 e5 19. O-O exd4 20. cxd4 (20. Qxd4 Rfd8 21. Qe3 Qxe3 22. Bxe3 Rd3 $11) (20. Bxd4 Nxg3 21. hxg3 Qxg3+ 22. Kh1 Qh3+ 23. Kg1 Qg3+ 24. Kh1 Qh3+ 25. Kg1 Qg3+ $11) 20... Nf4 21. h4 Qg6 22. Kh2 Ne6 23. Rab1 Nd8 24. Rfe1 {[%emt 0:03:23] Black is weak on the dark squares} b6 25. Rbc1 Qd6 26. Be3 Qd7 27. Red1 Rc8 28. d5 c5 29. e5 b5 (29... Re8 $16 {was worth a try.}) 30. Qe4 $1 $18 c4 31. Bg5 $2 (31. e6 $1 $18 Nxe6 32. dxe6 Qxe6 33. Qxe6 (33. Bxa7 Qxe4 34. fxe4 Ra8 $16) 33... fxe6 34. Kg2 (34. Bxa7 Ra8 $16)) 31... Re8 32. Re1 (32. a4 $14) 32... h6 33. Bf4 Rc5 {[%emt 0:00:43] [#]} (33... c3 $11 {remains equal.}) 34. Red1 (34. Rcd1 $1 $16) 34... a5 (34... c3 {is more complex.} 35. a4 a6 36. Be3 Rc8) 35. Be3 Rc8 36. Bb6 Nb7 37. Re1 (37. d6 $14) 37... Nc5 ({Black should try} 37... c3 $1 $15) 38. Bxc5 $11 Rxc5 39. e6 (39. Rcd1 $5 ) 39... fxe6 (39... Rxd5 $2 40. exd7 Rd2+ 41. Kg1 Rxe4 42. Rxe4 $18) 40. dxe6 Qd5 ({Of course not} 40... Qd2+ 41. Kh3 $11) (40... Qc6 $1 $15) 41. f4 $2 {[%emt 0:11:12][%mdl 8192] [#]} (41. Qg6 $11 {and White stays safe.} Rcc8 42. Qf7+ Kh8 43. Rcd1) 41... Qxe4 $1 $19 42. Rxe4 c3 43. g4 Kf8 44. f5 b4 45. Kg3 Ke7 (45... Rb8 $19 {Hoping for ...Ke7.} 46. e7+ Ke8) 46. Rd4 $2 (46. Kf4 $17) 46... Rd8 {[%emt 0:03:06] Never resign too early!   Weighted Error Value: White=0.36/Black=0.22 (precise)} 0-1

[Event "CZE-ch U16 Open 2023"]
[Site "Teplice"]
[Date "2023.03.12"]
[Round "2.11"]
[White "Sigut, Ondrej"]
[Black "Prazak, Daniel"]
[Result "0-1"]
[ECO "C01"]
[WhiteElo "1804"]
[BlackElo "2064"]
[Annotator "TA"]
[PlyCount "66"]
[EventDate "2023.03.09"]
[EventType "swiss"]
[EventCountry "CZE"]
[SourceTitle "playchess.com"]
[Source "ChessBase"]
[SourceQuality "1"]
[TimeControl "40/5400+30:1800+30"]

1. e4 e6 2. d4 d5 3. exd5 exd5 4. Bd3 c5 5. dxc5 Bxc5 6. Nf3 Nf6 7. O-O O-O 8. Bg5 h6 $1 {[%emt 0:00:09] 8...h6 is better than 8...Nc6. C01: French: Exchange Variation.} 9. Bh4 g5 10. Bg3 Ne4 {[%emt 0:00:09] The position is equal.} 11. Nbd2 f5 {[%emt 0:03:54] And now ...Nc6 would win.} 12. Bxb8 Rxb8 13. Nb3 Bb6 14. Nfd4 Qf6 15. c3 Bd7 {[%emt 0:04:01] [#]} 16. a4 $146 ({Predecessor:} 16. Qc2 Rbe8 17. Rad1 Bc8 18. Kh1 a6 19. Be2 Kh8 20. Bh5 Re7 21. Rde1 Bc7 22. f3 {0-1 Gunina,V (2502)-Gupta,A (2610) Gibraltar Masters 16th 2018 (5)}) 16... a6 17. Re1 Rbe8 18. Qc2 Bc7 19. g3 Kg7 (19... Bb6 $15) 20. f3 $11 Nd6 21. Nc5 {[%emt 0:01:10] Excellent horsemanship.} Bc8 22. a5 Bb8 23. Rad1 (23. Qb3 $5 ) 23... Ba7 24. Rxe8 (24. b4 {feels hotter.} f4 25. Qd2 fxg3 26. hxg3 Nf7 27. Bb1) 24... Rxe8 25. Ncb3 (25. b4 $11) 25... Nc4 (25... f4 {is interesting.} 26. Kh1 Re3 27. Qg2 Nc4) 26. Bxc4 dxc4 27. Nc1 Bd7 {[%emt 0:06:03] Black is more active.} 28. Kg2 Re5 29. b4 cxb3 (29... Re3 $17 {Hoping for ...Bxd4.} 30. Nce2 Qe5) 30. Qxb3 $15 Bc6 (30... Rxa5 $2 31. Qxb7 Qf7 32. Qxa7 $18) 31. Nxc6 $1 Qxc6 ({But not} 31... bxc6 32. Rd7+ Re7 33. Qb7 (33. Rd8 Qf7 $11) 33... Rxd7 34. Qxd7+ Qf7 35. Qxc6 $14) 32. Rd3 $2 (32. Rd8 $11 {and White stays safe.} Re6 33. Qd1) 32... Re1 $19 (32... Rxa5 33. Rd8 Bc5 34. Qg8+ Kf6 35. Qh8+ Kf7 36. Qh7+ Ke6 37. Qxh6+ Kf7 38. Qh7+ Ke6 39. Qg6+ Ke7 40. Qxg5+ Qf6 41. Re8+ {[%mdl 64] Deflection} Kxe8 42. Qxf6 $18) 33. Rd1 {[%emt 0:01:11] [#]} g4 $1 {[%emt 0:01:46] Weighted Error Value: White=0.67/Black=0.18 (very precise)} 0-1

[Event "CZE-ch U16 Open 2023"]
[Site "Teplice"]
[Date "2023.03.12"]
[Round "2.12"]
[White "Mrazek, Adam"]
[Black "Vilimek, Vit"]
[Result "0-1"]
[ECO "E62"]
[WhiteElo "1745"]
[BlackElo "2018"]
[Annotator "TA"]
[PlyCount "66"]
[EventDate "2023.03.09"]
[EventType "swiss"]
[EventCountry "CZE"]
[SourceTitle "playchess.com"]
[Source "ChessBase"]
[SourceQuality "1"]
[TimeControl "40/5400+30:1800+30"]

1. Nf3 Nf6 2. g3 g6 3. Bg2 Bg7 4. O-O O-O 5. c4 d6 6. d4 c6 7. Nc3 Qa5 8. e4 e5 9. d5 cxd5 10. cxd5 b5 11. Re1 (11. Nd2 $5 ) 11... Na6 {[#] E62: King's Indian: Fianchetto: 6...c6 and Panno Variation (6...Nc6) without ...a6.} 12. Nd2 $146 (12. a4 {looks sharper.} Nc5 13. b4 Qxb4 14. Nxb5 Ncxe4 15. Ba3) ({Predecessor:} 12. a3 b4 13. Na4 Bd7 14. axb4 Qxb4 15. Bd2 Qb7 16. Bc3 Bb5 17. Nd2 Qd7 18. Bf1 Bxf1 19. Nxf1 {0-1 Anderton,D (2172)-Palliser,R (2444) BCF-chT1a 1415 (4NCL) 2014 (3.146)}) 12... Nc5 13. Nb3 Nxb3 {The position is equal.} 14. Qxb3 b4 15. Nd1 Nd7 $1 16. Bd2 Nc5 $1 17. Qc2 Ba6 $1 18. Bf1 {Prevents Bd3} Bxf1 (18... Rac8 $17 {[%cal Oc5d3] White must now prevent ...Nd3!} 19. Qb1 Bxf1 20. Rxf1 f5 21. exf5 gxf5) 19. Rxf1 $11 {[#]} b3 $1 20. Qc1 Qa4 21. Nc3 Qc4 22. Qb1 (22. Be3 $5 ) 22... f5 23. axb3 Nxb3 24. Ra4 Qc8 25. Qc2 Nd4 26. Qd3 f4 {Prevents Be3. ...Qh3 is the strong threat.} 27. Raa1 $2 {[%mdl 8192] White does not recover from this.} (27. f3 $17) 27... Qh3 $19 {( -> ...f3)} 28. Kh1 Bh6 $40 {[%mdl 128] Black goes for the king.} ({And not} 28... f3 29. Rg1 $17) ({Wrong is} 28... Nb3 $2 29. Rad1 $19) 29. Rab1 $2 (29. Rg1 {nothing else works.}) 29... fxg3 {[%mdl 64] [#] Discovered Attack} 30. fxg3 Bxd2 31. Rxf8+ Rxf8 {Black mates.} 32. Qxd2 Rf1+ {[%mdl 64] Back Rank} 33. Rxf1 Qxf1# {Weighted Error Value: White=0.94/Black=0.14 (very precise)} 0-1

[Event "CZE-ch U16 Open 2023"]
[Site "Teplice"]
[Date "2023.03.13"]
[Round "3.1"]
[White "Janous, Marek"]
[Black "Paseka, Matyas"]
[Result "0-1"]
[ECO "B31"]
[WhiteElo "2124"]
[BlackElo "2082"]
[Annotator "TA"]
[PlyCount "80"]
[EventDate "2023.03.09"]
[EventType "swiss"]
[EventCountry "CZE"]
[SourceTitle "playchess.com"]
[Source "ChessBase"]
[SourceQuality "1"]
[TimeControl "40/5400+30:1800+30"]

1. e4 c5 2. Nf3 Nc6 3. Bb5 g6 4. Bxc6 bxc6 5. O-O Bg7 6. Re1 Nh6 {[%emt 0:00:26] 6...Qc7 deserves study.} 7. c3 O-O 8. d3 {[%emt 0:01:17] B31: Sicilian: 2...Nc6 3 Bb5 g6.} d6 9. h3 f5 10. e5 {[%emt 0:24:28] The position is equal.} Nf7 11. Bf4 h6 12. h4 $1 e6 13. Qd2 {[%emt 0:04:35] [#]} (13. exd6 {is interesting.} g5 14. Be5 g4 15. Bxg7 Kxg7 16. Ne5) 13... d5 $146 ({Predecessor:} 13... dxe5 14. Nxe5 Nxe5 15. Bxe5 Qxh4 16. Na3 Rd8 17. Bxg7 Kxg7 18. Qe3 Rb8 19. Qe5+ {1-0 Engel,L (2553)-Martin,J (2387) GER-chT Christmas U20 blitz 2020 (7.1)}) 14. d4 c4 15. b3 cxb3 16. axb3 Rb8 {[%emt 0:00:06] [#] Black is weak on the dark squares} (16... a5 $14) 17. b4 $1 $16 ({Don't take} 17. Rxa7 Rxb3 18. Qe3 Qb6 $14) 17... a6 18. Qe3 Kh7 19. Kh2 Rg8 20. Rh1 Bf8 21. Kg1 Be7 22. Nbd2 Kg7 23. Nf1 (23. Bh2 $16) 23... g5 $11 24. hxg5 hxg5 25. Ng3 gxf4 $17 26. Qxf4 Kf8 27. Nh5 Ng5 28. Nd2 Rb7 29. f3 (29. Qe3 $17) 29... Nf7 {[%emt 0:01:17] [#] ...Bg5 is the strong threat.} 30. Nf6 (30. Nb3 $142) 30... Bxf6 $19 31. exf6 Qxf6 {[%emt 0:00:16] Strongly threatening ...e5.} 32. Kf2 (32. Rxa6 {was worth a try.} e5 33. dxe5 Qxe5 34. Qxe5 Nxe5 35. Rh2) 32... e5 33. Qh4 (33. dxe5 $142 Nxe5 34. Qh6+ Qxh6 35. Rxh6) 33... Qxh4+ 34. Rxh4 e4 35. Nb3 Re7 36. Re1 {[%emt 0:00:22] Black is clearly winning.} Nd6 37. Na5 (37. Rh6 $142 Re6 38. Rxe6 Bxe6 39. Nc1) 37... Reg7 38. Rh2 f4 {[%emt 0:00:16] ...Rg3 would be deadly.} 39. Nxc6 e3+ 40. Kf1 Nc4 {[%emt 0:01:06] Weighted Error Value: White=0.43/Black=0.12 (very precise)} 0-1